Map: Cerulean Fall LE

Players

NORTHAMERICA - Winner!

  • Race: Protoss Protoss
  • League: Grandmaster
  • Spawn Location: 1:00

Arwin

  • Race: Terran Terran
  • League: Master
  • Spawn Location: 7:00

VOD

Have the link to the VOD?

Description

Time

  • Played on: Dec. 13, 2018, 2:32 a.m.
  • Length: 7:58
Show
View Real Time Build Order
Export as new Build Order

NORTHAMERICA Protoss - Winner!

Build Orders: 1 Gate Expand, Colossus Rush 

Get SALT Encoding   

  12  0:01  Probe  
  13  0:13  Probe  
  14  0:20  Pylon  
  14  0:25  Probe  
  15  0:35  Probe  
  15  0:39  Gateway  
  16  0:43  Probe  
  16  0:49  Assimilator  
  17  0:52  Probe  
  18  1:04  Probe  
  19  1:16  Probe  
  20  1:26  Nexus  
  20  1:35  Cybernetics Core  
  20  1:38  Probe  
  21  1:46  Assimilator  
  21  1:50  Probe  
  21  1:53  Pylon  
  22  2:02  Probe  
  22  2:03  Adept  
  23  2:14  Probe  
  26  2:23  Robotics Facility  
  26  2:27  Warp Gate, Probe  
  26  2:28  Stalker  
  27  2:38  Probe  
  27  2:41  Probe  
  31  2:46  Probe  
  32  2:53  Probe  
  32  2:54  Probe  
  33  3:05  Probe x2  
  35  3:11  Warp Prism  
  36  3:17  Robotics Bay, Probe x2  
  40  3:29  Probe x2  
  40  3:32  Gateway  
  42  3:34  Gateway  
  42  3:41  Probe  
  42  3:43  Observer  
  42  3:45  Shield Battery, Probe  
  44  3:49  Pylon  
  44  3:53  Pylon  
  44  3:54  Probe  
  46  3:57  Assimilator  
  46  3:59  Assimilator, Disruptor  
  46  4:04  Pylon  
  46  4:05  Gravitic Drive  
  49  4:16  Probe  
  50  4:20  Probe  
  51  4:24  Colossus  
  51  4:28  Probe  
  52  4:32  Probe  
  52  4:34  Pylon  
  59  4:40  Probe  
  59  4:41  Adept  
  59  4:43  Stalker  
  62  4:54  Probe  
  62  4:55  Probe  
  64  5:04  Pylon  
  64  5:07  Probe  
  65  5:17  Extended Thermal Lance, Probe  
  65  5:23  Stalker  
  65  5:24  Stalker  
  65  5:27  Probe  
  68  5:35  Forge  
  68  5:46  Colossus  
  74  5:51  Probe  
  75  6:01  Nexus  
  75  6:03  Pylon  
  75  6:04  Protoss Ground Weapons Level 1  
  75  6:13  Probe  
  75  6:15  Pylon  
  76  6:20  Twilight Council, Probe  
  76  6:25  Gateway x2  
  77  6:34  Disruptor  
  77  6:36  Probe  
  81  6:51  Adept  
  81  6:52  Adept x2  
  87  7:02  Gateway  
  87  7:05  Disruptor, Pylon, Probe  
  87  7:06  Pylon  
  87  7:20  Stalker  
  87  7:21  Stalker x2  
  87  7:26  Shield Battery  
  87  7:30  Dark Shrine  
  83  7:49  Stalker x5  
Show
View Real Time Build Order
Export as new Build Order

Arwin Terran 

Build Orders: Gas First Reaper Expand 

Get SALT Encoding   

  12  0:00  SCV  
  13  0:12  SCV  
  14  0:17  Supply Depot  
  14  0:25  SCV  
  15  0:32  Refinery  
  15  0:39  SCV  
  16  0:44  Barracks  
  16  0:51  SCV  
  17  1:03  SCV  
  18  1:15  SCV  
  19  1:32  Orbital Command, Reaper  
  20  1:43  Command Center  
  20  1:55  Factory  
  20  1:59  SCV  
  21  2:10  Barracks Reactor  
  21  2:11  SCV  
  21  2:14  Supply Depot  
  22  2:20  Refinery  
  22  2:23  SCV  
  23  2:35  SCV  
  24  2:45  Marine x2, Hellion  
  24  2:47  Starport  
  24  2:49  SCV  
  29  2:56  Orbital Command  
  29  3:01  SCV  
  29  3:04  Marine x2  
  32  3:09  Widow Mine  
  34  3:13  SCV  
  35  3:22  SCV  
  35  3:23  Supply Depot  
  35  3:25  SCV  
  37  3:27  Marine x2  
  37  3:30  Medivac  
  41  3:36  SCV  
  41  3:38  Supply Depot  
  42  3:45  Factory Tech Lab  
  42  3:46  SCV  
  44  3:48  SCV  
  44  3:51  Marine x2  
  44  4:02  SCV x2, Barracks  
  46  4:05  Barracks  
  46  4:07  Siege Tank  
  49  4:11  Starport Tech Lab  
  49  4:14  SCV  
  49  4:15  SCV  
  51  4:23  Supply Depot  
  51  4:24  Marine x2  
  53  4:26  SCV  
  53  4:28  SCV  
  55  4:32  Engineering Bay  
  55  4:38  Starport Reactor, SCV  
  55  4:40  SCV  
  55  4:53  Marine x2, SCV x2  
  55  4:58  Refinery, Terran Infantry Weapons Level 1  
  59  5:00  Refinery  
  59  5:02  Stimpack, Marauder x2  
  59  5:05  SCV x2  
  65  5:07  Supply Depot, Factory Reactor  
  61  5:19  Marine  
  61  5:20  Marine  
  63  5:24  SCV x2  
  63  5:26  Marauder x2  
  62  5:29  Medivac x2  
  64  5:43  Supply Depot  
  64  5:47  Marine  
  64  5:48  Marine, Marauder x2  
  67  5:55  SCV x2  
  69  6:02  Medivac x2  
  73  6:10  Marine x2, Marauder x2  
  71  6:19  SCV x2  
  73  6:43  SCV  
  73  6:44  SCV  
  73  6:45  Marine x2, Marauder x2  
  81  6:51  Barracks  
  81  6:53  Barracks  
  81  6:59  SCV x2  
  78  7:05  Marine  
  78  7:06  Marine  
  80  7:11  SCV x2  
  61  7:25  Marauder x2  
  61  7:29  Marine x2  
Tags
 
Add a new tag
Caveats
  • Supply blocks, unpowered buildings, or Contaminate may cause inaccurate times.
  • Supply counts are checked every 10 seconds.